 Dungeon Sprint DCSS version 0.30.1-11-g7821555f0a (webtiles) character file.

Game seed: 11332987116957208107

10973 Groucho the Spry (level 11, -2/50 HPs)
             Began as a Spriggan Enchanter on Nov 20, 2023.
             Was the Champion of Dithmenos.
             Shot with an arrow by a centaur warrior (22 damage)
             ... in the Dungeon (Sprint VII: "The Pits").
             The game lasted 00:14:49 (5929 turns).

Groucho the Spry (Spriggan Enchanter)               Turns: 5929, Time: 00:14:51

Health: -2/50      AC:  3    Str:  4    XL:     11   Next: 43%
Magic:  28/30      EV: 28    Int: 20    God:    Dithmenos [******]
Gold:   9          SH:  0    Dex: 17    Spells: 28/39 levels left

rFire   . . .        q - +0 arbalest
rCold   . . .        (shield currently unavailable)
rNeg    . . .        b - +0 robe
rPois   .            (helmet restricted)
rElec   .            n - +0 cloak
rCorr   .            (gloves unavailable)
SInv    +            (boots unavailable)
Will    +....        (no amulet)
Stlth   ++++++++++   (no ring)
HPRegen 0.28/turn    (no ring)
MPRegen 0.22/turn

%: no teleportation
@: wreathed by umbra, very quick
A: very small, no large weapons, unfitting armour, see invisible, speed 3
a: Renounce Religion, Shadow Step, Shadow Form


You were in the Dungeon.
You worshipped Dithmenos.
Dithmenos was exalted by your worship.
You visited 1 branch You collected 9 gold pieces.

Inventory:

Hand Weapons
 a - a +2 dagger
 q - a +0 arbalest (weapon)
Armour
 b - a +0 robe (worn)
 n - a +0 cloak (worn)
Jewellery
 l - a +3 ring of strength
 m - a +3 ring of strength
 w - a ring of ice
 y - a ring of willpower
Scrolls
 i - a scroll of blinking
 j - 5 scrolls of amnesia
 k - a scroll of butterflies
 r - 3 scrolls of identify
 s - 2 scrolls of fog
 t - 2 scrolls of enchant armour
 u - 2 scrolls of enchant weapon
 v - a scroll of fear
Potions
 c - a potion of invisibility
 d - 8 potions of curing
 e - 8 potions of heal wounds
 f - 3 potions of haste
 g - 3 potions of magic
 h - 3 potions of berserk rage
 o - 7 potions of brilliance
 p - 6 potions of might


   Skills:
 + Level 2.3 Fighting
 - Level 10.0 Short Blades
 + Level 8.2 Ranged Weapons
 + Level 15.0 Dodging
 - Level 13.0 Stealth
 + Level 14.5 Spellcasting
 * Level 11.6 Conjurations
 - Level 14.1 Hexes


You had 28 spell levels left.
You knew the following spells:

 Your Spells              Type           Power      Damage    Failure   Level
a - Ensorcelled Hibernat  Hex/Ice        84%        N/A       1%          2
b - Confusing Touch       Hex            63%        N/A       1%          3
c - Dazzling Flash        Conj/Hex       100%       N/A       1%          3
d - Tukima's Dance        Hex            63%        N/A       1%          3

Your spell library contained the following spells:

 Spells                   Type           Power      Damage    Failure   Level


Dungeon Overview and Level Annotations

Branches:
Dungeon (1/1)

Altars:
Ashenzari
Cheibriados
Dithmenos
Elyvilon
Fedhas
Gozag
Hepliaklqana
Kikubaaqudgha
Makhleb
Nemelex Xobeh
Okawaru
Qazlal
Ru
Sif Muna
Trog
Uskayaw
Vehumet
Wu Jian
Xom
Yredelemnul
Zin
The Shining One
Jiyva
Lugonu


Innate Abilities, Weirdness & Mutations

You are very small and have problems with some larger weapons.
You are too small for most types of armour.
You have supernaturally acute eyesight. (SInv)
You cover ground extremely quickly. (Speed+++)


Message History

You shoot a bolt. The bolt hits the water elemental!
You destroy the water elemental!
Dithmenos accepts your kill.
No target in view!
No target in view!
You start waiting.
You start waiting.
You start waiting.
You see here a +2 morningstar of protection.
You see here a +0 whip.
There is a huge open gate leading to the Armoury (Hard), spattered with blood here.
There is a huge open gate here.
You see here a +0 dire flail.
Things that are here:
a +0 trident; an orc skeleton
Things that are here:
a +0 dagger; a +0 robe; an orc skeleton You shoot a bolt.
The bolt hits the basilisk!
The basilisk hisses angrily.
The basilisk is heavily wounded.
Your shadow shoots a bolt.
The bolt closely misses the basilisk.
You hear a shout!
A centaur warrior comes into view.
You shoot a bolt. The bolt hits the basilisk!
You kill the basilisk!
Dithmenos accepts your kill.
The centaur warrior wields a +0 shortbow.
The centaur warrior shoots an arrow.
The arrow hits you!!
You emit a cloud of dark smoke.
The centaur warrior shoots an arrow.
The arrow hits you!
Unknown command.
Casting: Confusing Touch (safe; 1% risk of failure)
Confirm with . or Enter, or press ? or * to list all spells.
Aiming: Ensorcelled Hibernation (safe; 1% risk of failure)
Press: ? - help, Shift-Dir - straight line, f - centaur warrior
Aim: a centaur warrior, wielding a +0 shortbow (umbra, chance to affect: 50%)
The centaur warrior resists with some effort.
The centaur warrior shoots an arrow.
The arrow misses you.
The centaur warrior shoots an arrow.
The arrow hits you!!
You die...

,,,,++,,,,,,,,,,**,,,,,,,,,,,,,*,
,,,,++,,,,,,,,,,*****++***,,,,,,,
**,,**,,*,,,,*,,**,,,,,,,**,,,,,,
,*,,**,,,,,,,,,,++,,,,,,,,**,,,,,
**,,**,,,,,,,,,,++,,,,,,,,,**,,,,
,*,,****++****++*****************
**,,****++***#++########*********
,*,,**,,,,,,*#.§........,,,,,,,,,
**,,**,*+**,*#§§@.....c.,,,,,,,,,
,,,,**,*,,+,*#§§########******++*
,,,,**,+,,*,*#.§#,,*,,*,,,,*,,,,,
******,*,,+,*#..#,,*,,**++**,,,,,
#####*,+,,*,*#.)#,,,,,*,,,,*,,,,,
##..#*,**+*,*#.)#,,****,,,,***,,*
##..#*,,,,,,*#..#,,+,,,,,,,,,,,,,
''..#********#..#,,****,,,,,,,,,,
''..##########..#,,,,,*,,****,,,,


You could see a centaur warrior.

Vanquished Creatures
  A vampire knight (D)
  A hydra (D)
  Erica (D)
  A two-headed ogre (D)
  An orc high priest (D)
  A shadow wraith (D)
  A flayed ghost (D)
  2 phantasmal warriors (D)
  A deep elf pyromancer (D)
  A deep elf zephyrmancer (D)
  An elephant (D)
  A cane toad (D)
  An orange demon (D)
  A yaktaur (D)
  A rime drake (D)
  2 guardian mummies (D)
  2 freezing wraiths (D)
  A polar bear (D)
  A flying skull (D)
  A shadow (D)
  A fire elemental (D)
  A wraith (D)
  2 water elementals (D)
  2 basilisks (D)
  Menkaure (D)
  2 wargs (D)
  An acid dragon (D)
  Edmund (D)
  A floating eye (D)
  2 swamp drakes (D)
  2 sky beasts (D)
  An ogre (D)
  A centaur (D)
  A gnoll sergeant (D)
  A crimson imp (D)
  An orc priest (D)
  A hound (D)
  3 gnoll boudas (D)
  2 iguanas (D)
  3 orc wizards (D)
  A mummy (D)
  13 gnolls (D)
  2 adders (D)
  A river rat (D)
  2 ufetubi (D)
  10 orcs (D)
  A ball python (D)
  A bat (D)
  A bat zombie (D)
  An endoplasm (D)
  A hobgoblin (D)
  4 jackals (D)
  A ball python skeleton (D)
  2 kobolds (D)
94 creatures vanquished.

Notes
Turn   | Place    | Note
-------+----------+-------------------------------------------
     0 | D        | Groucho the Spriggan Enchanter began the quest for the Orb.
     0 | D        | Reached XP level 1. HP: 9/9 MP: 5/5
    36 | D        | Found a bloodstained altar of Trog.
    36 | D        | Found a shimmering blue altar of Sif Muna.
    36 | D        | Found a viscous altar of Jiyva.
    36 | D        | Found a hazy altar of Hepliaklqana.
    36 | D        | Found an opulent altar of Gozag.
    37 | D        | Found a glowing golden altar of the Shining One.
    37 | D        | Found a glowing silver altar of Zin.
    37 | D        | Found a basalt altar of Yredelemnul.
    37 | D        | Found a shimmering altar of Xom.
    37 | D        | Found an ornate altar of the Wu Jian Council.
    37 | D        | Found a sacrificial altar of Ru.
    37 | D        | Found a stormy altar of Qazlal.
    37 | D        | Found an iron altar of Okawaru.
    37 | D        | Found a sparkling altar of Nemelex Xobeh.
    37 | D        | Found a burning altar of Makhleb.
    37 | D        | Found a blossoming altar of Fedhas.
    37 | D        | Found a white marble altar of Elyvilon.
    37 | D        | Found a shadowy altar of Dithmenos.
    37 | D        | Found a snail-covered altar of Cheibriados.
    38 | D        | Found a radiant altar of Vehumet.
    38 | D        | Found a corrupted altar of Lugonu.
    39 | D        | Found a hide-covered altar of Uskayaw.
    39 | D        | Found an ancient bone altar of Kikubaaqudgha.
    39 | D        | Found a broken altar of Ashenzari.
    44 | D        | Became a worshipper of Dithmenos the Shadowed
    59 | D        | Reached skill level 3 in Dodging
    59 | D        | Reached skill level 5 in Stealth
    71 | D        | Reached * piety under Dithmenos
    72 | D        | Reached XP level 2. HP: 6/13 MP: 7/7
    78 | D        | Reached ** piety under Dithmenos
   359 | D        | Learned a level 2 spell: Ensorcelled Hibernation
   366 | D        | Noticed a floating eye
   375 | D        | Reached skill level 4 in Dodging
   382 | D        | Reached XP level 3. HP: 16/16 MP: 1/9
   401 | D        | Reached *** piety under Dithmenos
   402 | D        | Reached skill level 5 in Hexes
   426 | D        | Reached XP level 4. HP: 16/21 MP: 0/11
   437 | D        | Paralysed by a floating eye for 2 turns
   445 | D        | Killed a floating eye
   446 | D        | Reached skill level 6 in Dodging
   446 | D        | Reached skill level 10 in Stealth
   446 | D        | Reached skill level 5 in Spellcasting
   446 | D        | Reached XP level 5. HP: 23/24 MP: 2/14
   578 | D        | Reached **** piety under Dithmenos
   579 | D        | Reached skill level 5 in Short Blades
   625 | D        | Learned a level 3 spell: Confusing Touch
   629 | D        | Learned a level 3 spell: Dazzling Flash
   633 | D        | Learned a level 3 spell: Tukima's Dance
   657 | D        | Reached skill level 7 in Dodging
   660 | D        | Noticed Edmund
   707 | D        | Reached ***** piety under Dithmenos
   708 | D        | Reached skill level 1 in Conjurations
   849 | D        | Killed Edmund
   850 | D        | Reached XP level 6. HP: 24/28 MP: 9/17
  1038 | D        | Noticed a warg
  1040 | D        | Killed a warg
  1041 | D        | Reached skill level 8 in Dodging
  1041 | D        | Reached XP level 7. HP: 32/32 MP: 14/19
  1321 | D        | Noticed a basilisk
  1323 | D        | Killed a basilisk
  1671 | D        | Reached ****** piety under Dithmenos
  1672 | D        | Reached skill level 9 in Dodging
  1764 | D        | Noticed a flying skull
  1764 | D        | Noticed a shadow wraith
  1766 | D        | Killed a shadow wraith
  1767 | D        | Reached skill level 10 in Dodging
  1767 | D        | Reached skill level 10 in Spellcasting
  1767 | D        | Reached XP level 8. HP: 33/36 MP: 17/23
  1768 | D        | Killed a flying skull
  1781 | D        | Noticed a yaktaur
  1782 | D        | Noticed a freezing wraith
  1803 | D        | Killed a freezing wraith
  1803 | D        | HP: 1/36 [yaktaur/bolt (30)]
  1804 | D        | Reached skill level 10 in Hexes
  1810 | D        | Killed a yaktaur
  1811 | D        | Reached XP level 9. HP: 21/39 MP: 13/24
  2027 | D        | Noticed an elephant
  2051 | D        | Killed an elephant
  2052 | D        | Reached skill level 1 in Ranged Weapons
  2052 | D        | Reached skill level 11 in Dodging
  2353 | D        | Noticed a freezing wraith
  2357 | D        | Killed a freezing wraith
  2361 | D        | Noticed a flayed ghost
  2377 | D        | Killed a flayed ghost
  3325 | D        | Noticed a phantasmal warrior
  3327 | D        | Noticed a guardian mummy
  3328 | D        | Killed a phantasmal warrior
  3329 | D        | Reached skill level 10 in Short Blades
  3329 | D        | Reached skill level 12 in Dodging
  3332 | D        | Killed a guardian mummy
  3333 | D        | Reached XP level 10. HP: 30/44 MP: 25/27
  3402 | D        | Noticed a vampire knight
  3915 | D        | Noticed a seven-headed hydra
  3921 | D        | Killed a seven-headed hydra
  3922 | D        | Reached skill level 5 in Ranged Weapons
  3922 | D        | Reached skill level 13 in Dodging
  3922 | D        | Killed a vampire knight
  3974 | D        | Noticed a phantasmal warrior
  3974 | D        | Noticed Menkaure
  3977 | D        | Noticed a two-headed ogre
  3984 | D        | Noticed a deep elf pyromancer
  3984 | D        | Noticed an orange demon
  3986 | D        | Killed a phantasmal warrior
  3987 | D        | Reached skill level 10 in Conjurations
  3987 | D        | Noticed a deep elf zephyrmancer
  3987 | D        | Noticed Erica
  3992 | D        | Noticed a cane toad
  4081 | D        | Killed Erica
  4095 | D        | Killed a cane toad
  4099 | D        | Killed a two-headed ogre
  4100 | D        | Reached skill level 14 in Dodging
  4162 | D        | Reached XP level 11. HP: 45/47 MP: 29/29
  4534 | D        | Killed a deep elf pyromancer
  4539 | D        | Killed Menkaure
  4655 | D        | Killed a deep elf zephyrmancer
  5020 | D        | Reached skill level 1 in Fighting
  5027 | D        | Noticed an orc high priest
  5559 | D        | Killed an orc high priest
  5560 | D        | Reached skill level 15 in Dodging
  5927 | D        | Noticed a centaur warrior
  5929 | D        | Shot with an arrow by a centaur warrior

Illustrated notes

Levels and vault maps discovered:
D:        pitsprint [storerooms_1, entrance_room_1, metal_vault_6, armoury_1,
          mini_pit_1, grid_room_1, main_hall_1, silver_pit, the_coven_1,
          the_vestibule_1, steel_vault_4, golden_pit, hallway_of_sentries,
          crystal_vault_3, iron_vault_1, final_vault]

Skill      XL: |  1  2  3  4  5  6  7  8  9 10 11 |
---------------+----------------------------------+-----
Dodging        | 3 4 6 7 8 10 12 14 15 | 15.0
Stealth        | 6 7 8 10 12 13 | 13.0
Spellcasting   | 3 4 5 7 8 10 12 13 14 | 14.5
Hexes          | 4 5 6 7 9 10 11 13 14 | 14.1
Short Blades   | 2 3 4 5 6 8 10 | 10.0
Conjurations   | 2 3 6 7 8 10 11 | 11.6
Ranged Weapons | 4 7 8 |  8.2
Fighting       | 2 |  2.3

Action                     |  1- 3 |  4- 6 |  7- 9 | 10-12 || total
---------------------------+-------+-------+-------+-------++-------
  Melee: Dagger            |    25 |    15 |    64 |    87 ||   191
         Punch             |       |       |       |     2 ||     2
   Fire: Arbalest          |       |       |       |    36 ||    36
   Cast: Ensorcelled Hiber |     9 |    14 |    10 |    21 ||    54
         Confusing Touch   |       |       |     4 |     9 ||    13
         Dazzling Flash    |       |       |     3 |     4 ||     7
 Invoke: Shadow Step       |       |     1 |     3 |    12 ||    16
    Use: Potion            |     2 |       |     5 |     2 ||     9
         Scroll            |       |       |       |     1 ||     1
   Stab: Sleeping          |     8 |     9 |    21 |    26 ||    64
         Confused          |       |       |     5 |     6 ||    11
         Invisible         |       |       |     4 |     4 ||     8
         Distracted        |       |       |     1 |       ||     1
 Armour: Robe              |     4 |     1 |     2 |     5 ||    12
  Dodge: Dodged            |    22 |    16 |    32 |    49 ||   119
